[Event "Asian Amateur-ch Open 2022"]
[Site "Muscat"]
[Date "2022.10.02"]
[Round "4.1"]
[White "Bagheri, Majid"]
[Black "Junaid Sohail"]
[Result "0-1"]
[ECO "C54"]
[WhiteElo "1870"]
[BlackElo "1981"]
[Annotator "TA"]
[PlyCount "104"]
[EventDate "2022.09.29"]
[EventType "swiss"]
[SourceTitle "playchess.com"]
[Source "ChessBase"]
[SourceQuality "1"]
[TimeControl "5400+30"]

1. e4 e5 2. Nf3 Nc6 3. Bc4 Nf6 4. d3 Bc5 5. c3 a6 6. Bb3 Ba7 7. Qe2 {[%emt 0:00:34] [#] C54: Giuoco Piano: 4 c3 Nf6, main lines with 5 d4 and 5 d3.} Qe7 $146 ({Predecessor:} 7... d6 8. h3 Be6 9. Bc2 h6 10. Nbd2 Qd7 11. Nf1 O-O-O 12. Ne3 d5 13. O-O d4 14. cxd4 exd4 {0-1 (75) Li,R (2444)-Bartel,M (2624) Chess.com INT 2015}) 8. h3 h6 9. Nbd2 {[%emt 0:00:27] The position is equal.} d6 10. Nf1 Be6 11. g4 (11. Ng3 $11) 11... d5 {[%emt 0:01:01] Black is more active.} 12. Ng3 dxe4 13. dxe4 g6 {[%emt 0:00:19] Prevents Nf5.} (13... O-O-O {with more complications.} 14. Ba4 Qc5 15. Bb3 Qd6) 14. Be3 Bxe3 15. Qxe3 Bxb3 16. axb3 h5 17. g5 Nd7 18. h4 Nf8 ({Better is} 18... Qe6 $15) 19. b4 Rd8 20. Ne2 Ne6 21. Nd2 O-O 22. Nb3 (22. O-O-O $1 $15) 22... b6 (22... Nf4 $17 {And now ...Ng2+ would win.} 23. Nxf4 exf4 24. Qxf4 Nxb4 $1 25. cxb4 Qxb4+ 26. Kf1 Qxb3) 23. Rg1 (23. O-O $1 $15) 23... Nf4 $19 24. Nxf4 exf4 25. Qxf4 Qe6 26. Nc1 ({Of course not} 26. Nd2 Ne5 27. Qf6 Nd3+ 28. Ke2 Qd7 $19) (26. Nd4 {keeps fighting.} Nxd4 27. cxd4) 26... Ne5 {[%emt 0:07:24] Threatens to win with ...f5.} ({Worse is} 26... Qd7 27. Ne2 $17) 27. Rg3 f6 28. Ne2 {[%emt 0:16:01] [#]} Nd3+ $1 29. Rxd3 Rxd3 30. Nd4 Qe5 31. Qxe5 fxe5 {[%emt 0:00:08][%mdl 4096] Endgame KRR-KRN} 32. Ne6 Rc8 33. f4 exf4 34. Nxf4 Re3+ 35. Kf2 Rxe4 36. Nd5 (36. Kf3 $142 Rc4 37. Re1) 36... Kg7 37. Nf6 Rf8 38. Kg3 (38. b3 $142) 38... Re2 39. Rxa6 Rxb2 40. Ra7 Rf7 41. Ra8 Rf8 {[%emt 0:03:04] Prevents Rg8+.} 42. Ra7 Rf7 43. Ra8 $1 {[%emt 0:00:08][%csl Gf6][%cal Ra8g8] [#]} Re7 $1 44. Kf3 {[%emt 0:04:26] Against Re3+} (44. Rd8 {might work better.}) 44... Rd2 {[%emt 0:01:01] Black is clearly winning.} 45. Rg8+ Kf7 46. Rh8 Ke6 47. Ke4 (47. Rf8 $142) 47... Rh2 48. Rf8 Rxh4+ 49. Kd3 Rf7 50. Re8+ Kf5 51. Ne4 Rd7+ 52. Ke3 {[%emt 0:00:11] [#]} Rxe4+ $1 {[%emt 0:00:28] Weighted Error Value: White=0.43/Black=0.34} 0-1

[Event "Asian Amateur-ch Open 2022"]
[Site "Muscat"]
[Date "2022.10.02"]
[Round "4.3"]
[White "Madhusoodanan, K.R."]
[Black "Thapa, Krishna"]
[Result "1/2-1/2"]
[ECO "A05"]
[WhiteElo "1663"]
[BlackElo "1928"]
[Annotator "TA"]
[PlyCount "84"]
[EventDate "2022.09.29"]
[EventType "swiss"]
[SourceTitle "playchess.com"]
[Source "ChessBase"]
[SourceQuality "1"]
[TimeControl "5400+30"]

1. Nf3 Nf6 2. b3 g6 3. Bb2 Bg7 4. g3 O-O 5. Bg2 d6 6. O-O e5 7. d3 c5 {[%emt 0:02:57] A05: Réti Opening: 1 Nf3 Nf6.} 8. Nbd2 Nc6 9. e4 Bg4 {[%emt 0:04:37] The position is equal.} 10. h3 Be6 {[%emt 0:01:18] [#]} 11. Ng5 $146 ({Predecessor:} 11. Rb1 Qc8 12. Ng5 Bd7 13. Nc4 Ne8 14. Kh2 b5 15. Ne3 h6 16. Nf3 Rb8 17. Nd5 {0-1 (63) Gonzalez Moreno,J (1702)-Lastras Hernandez,T (1881) Tenerife 2010}) 11... Bd7 12. Nc4 $1 h6 13. Nf3 Be6 14. Ne3 Qd7 15. Kh2 Rad8 16. Qe1 Nd4 17. Nd2 b5 18. c3 Nc6 19. f4 Qe8 (19... exf4 $15 {stays ahead.} 20. gxf4 d5) 20. f5 $16 Bc8 21. g4 g5 22. h4 Nh7 (22... b4 $142) 23. Nd5 f6 24. Nc7 Qf7 25. Nxb5 Ba6 26. a4 Qb7 27. c4 Nb4 28. Qb1 Qf7 (28... h5 $16) 29. h5 $18 {[%emt 0:00:09] White is clearly better.} Rfe8 30. Rc1 Nf8 31. Nf1 Bc8 32. Ne3 a6 33. Nc3 Bb7 34. Ba3 Nc6 35. Ned5 Rb8 36. Qa2 Ba8 37. Rab1 a5 38. Nb5 Qd7 (38... Red8 $142 39. Qe2 Nb4) 39. Qd2 Rec8 40. Bb2 ({Better is} 40. Qe3 $18) 40... Kf7 41. Bc3 Qd8 42. Qe1 {[%emt 0:01:27] White has more active pieces.} Nh7 {[%emt 0:00:22] Weighted Error Value: White=0.12 (very precise) /Black=0.18 (very precise)} 1/2-1/2

[Event "Asian Amateur-ch Open 2022"]
[Site "Muscat"]
[Date "2022.10.02"]
[Round "4.4"]
[White "Fooladi, Behrooz"]
[Black "Srivatsan Karthikeyan"]
[Result "1-0"]
[ECO "E11"]
[WhiteElo "1928"]
[BlackElo "1711"]
[Annotator "TA"]
[PlyCount "99"]
[EventDate "2022.09.29"]
[EventType "swiss"]
[SourceTitle "playchess.com"]
[Source "ChessBase"]
[SourceQuality "1"]
[TimeControl "5400+30"]

1. d4 Nf6 2. Nf3 e6 3. c4 d5 4. g3 Bb4+ 5. Bd2 a5 6. Bg2 O-O 7. O-O {[%emt 0:00:11] 7.Qc2 is the modern continuation.} Nbd7 {[%emt 0:05:41] E11: Bogo-Indian.} 8. Qc2 b6 9. cxd5 exd5 {[%emt 0:00:11] White is slightly better.} 10. Nc3 {[%emt 0:00:08] [#]} Re8 $146 ({Predecessor:} 10... Bb7 11. Ne5 Re8 12. f4 Bxc3 13. Bxc3 Ne4 14. Rad1 f6 15. Bxe4 Nf8 16. Bg2 fxe5 17. dxe5 {1-0 (41) Lei,T (2505)-Hou,Y (2658) Chess.com INT 2021}) 11. Bf4 {[%emt 0:03:38] Black should prevent Nb5.} c6 {[%emt 0:12:03] Inhibits Nb5.} 12. Rfd1 Bb7 13. Rac1 Nf8 14. a3 (14. e3 {with more complications.} Ne6 15. Ng5 Nxf4 16. exf4 b5 17. a4) 14... Bxc3 15. bxc3 Ng6 (15... Ne6 {feels hotter.} 16. Ne5 b5 17. a4 Nd7) 16. Bg5 h6 17. Bxf6 Qxf6 18. Rb1 b5 19. Re1 Bc8 {[%emt 0:03:17] And now ...Bf5 would win.} 20. Nd2 Qd6 (20... Bf5 $5 21. e4 dxe4 22. Nxe4 Qe7 $11) 21. e4 Be6 22. a4 Reb8 23. f4 {[%emt 0:05:07] [#] aiming for f5.} dxe4 24. Nxe4 ({Don't play} 24. Qxe4 Bd5 25. Qc2 Bxg2 26. Kxg2 bxa4 $15) 24... Qd8 25. Bf1 b4 26. Nc5 Nf8 27. f5 $36 {[%emt 0:01:22][%mdl 2048] White is pushing.} Bc8 28. Bg2 Qf6 29. g4 Nd7 $2 {[%emt 0:01:29] Black is on the road to losing.} (29... h5 $11 {and Black stays safe.}) 30. Re8+ $18 Nf8 31. Qf2 {[%emt 0:03:50] Threatens to win with Ne4.} Qd6 32. cxb4 {[%emt 0:05:02] b5 is the strong threat.} axb4 {[%emt 0:01:28] [#]} 33. Qd2 ({Better is} 33. Qe3 $1 $18 ) 33... b3 (33... h5 $16 {is a better defense.}) 34. Rxb3 Rxb3 35. Nxb3 {[%emt 0:00:07] Strongly threatening Qe3.} Qd7 $2 (35... Bb7 36. Rxa8 Bxa8) 36. Qe3 Bb7 37. Re7 Qc8 38. Nc5 {[%emt 0:00:18] Black must now prevent Qb3.} Ba6 39. Qb3 Ne6 40. fxe6 f6 41. Nxa6 {[%emt 0:03:36] White mates.} Qxa6 42. Qb7 Qxb7 43. Rxb7 Rxa4 {[%emt 0:00:00] KRB-KR} 44. Rb8+ Kh7 45. e7 Ra1+ 46. Bf1 c5 47. e8=Q Rxf1+ 48. Kxf1 f5 49. gxf5 cxd4 50. Qg6# {[%emt 0:00:05] Weighted Error Value: White=0.07 (flawless) /Black=0.49} 1-0

[Event "Asian Amateur-ch Open 2022"]
[Site "Muscat"]
[Date "2022.10.02"]
[Round "4.5"]
[White "Al Amri, Mahad"]
[Black "Zahmati, Sobhan"]
[Result "0-1"]
[ECO "B15"]
[WhiteElo "1589"]
[BlackElo "1926"]
[Annotator "TA"]
[PlyCount "78"]
[EventDate "2022.09.29"]
[EventType "swiss"]
[SourceTitle "playchess.com"]
[Source "ChessBase"]
[SourceQuality "1"]
[TimeControl "5400+30"]

1. e4 c6 2. d4 d5 3. Nc3 dxe4 4. Nxe4 Nf6 5. Nxf6+ exf6 6. Nf3 Bd6 7. Bd3 {[%emt 0:00:30] The main line 7.Bd3 scores better than 7.Be2.} O-O 8. O-O Re8 9. c4 {[%emt 0:09:06] B15: Caro-Kann: 3 Nc3: 3...g6 and 3...dxe4 4 Nxe4 Nf6 5 Nxf6+ exf6.} Nd7 10. Qc2 Nf8 {[%emt 0:00:36] [#]} 11. c5 $146 (11. Be3 $11) ({Predecessor:} 11. h3 Be6 12. Bf5 Qa5 13. Bxe6 Nxe6 14. Be3 Bf4 15. Rfe1 Bxe3 16. Rxe3 Red8 17. Rd1 {1-0 (57) Shyam,N (2465)-Jubin,J (2252) Abu Dhabi 2022}) 11... Bb8 12. h3 Ng6 13. Bd2 Be6 14. Rfe1 Qc7 {[%emt 0:02:14][%cal Og6h4] [#] And now ...Nh4! would win.} 15. g3 {[%emt 0:05:06][%cal Od4d5] Inhibits Nh4.} Qd7 16. h4 Bc7 17. h5 Nf8 18. Kg2 {[%emt 0:05:06] White is on the road to losing.} ({White should play} 18. h6 $15) 18... Bh3+ $17 19. Kg1 Qg4 20. Nh2 Qxd4 $40 {[%emt 0:04:05][%mdl 128] [#] ...Bxg3 is the strong threat. White is in trouble.} 21. Be3 (21. Bf1 $142 Bxf1 22. Nxf1) 21... Qd5 $19 22. Bf1 {[%emt 0:02:04] Against Qg2+} Bxf1 ({Avoid the trap} 22... Qxh5 $2 23. Rad1 $19) 23. Nxf1 Qxh5 24. Qb3 Rab8 25. Rad1 Ba5 26. Nd2 Ng6 27. Qa4 $2 (27. Kg2) 27... Bxd2 28. Bxd2 Ne5 29. Kg2 (29. Rxe5 $142 fxe5 30. Be3) 29... Qf3+ 30. Kg1 Qd5 {[%emt 0:01:03] ( -> ...Nf3+)} 31. Rxe5 fxe5 ({Worse is} 31... Rxe5 32. Bf4 Qxc5 33. Bxe5 fxe5 34. Rd7 $17) 32. Qg4 (32. Be3 $142 Qf3 33. Rd6) 32... Rbd8 {[%emt 0:01:14] Threatens to win with ...Qd3.} 33. Kh2 Qe6 34. Qb4 Qxa2 35. Qxb7 Qa4 36. b3 Qg4 37. Qxc6 Qh5+ 38. Kg2 Qxd1 39. Bg5 Qd5+ {[%emt 0:00:02] Weighted Error Value: White=0.94/Black=0.44} 0-1

[Event "Asian Amateur-ch Open 2022"]
[Site "Muscat"]
[Date "2022.10.02"]
[Round "4.6"]
[White "Mahmoody, M. Sadegh"]
[Black "Velavaa Ragavesh"]
[Result "1-0"]
[ECO "A80"]
[WhiteElo "1914"]
[BlackElo "1698"]
[Annotator "TA"]
[PlyCount "119"]
[EventDate "2022.09.29"]
[EventType "swiss"]
[SourceTitle "playchess.com"]
[Source "ChessBase"]
[SourceQuality "1"]
[TimeControl "5400+30"]

1. d4 f5 2. Nd2 Nf6 3. g3 d6 4. Bg2 e5 5. c3 c6 6. dxe5 {[%emt 0:03:20] A80: Dutch Defence: Unusual White second moves.} dxe5 {[%emt 0:01:09] [#]} 7. Ngf3 $146 ({Predecessor:} 7. e4 fxe4 8. Nxe4 Qxd1+ 9. Kxd1 Bg4+ 10. Ke1 Nbd7 11. Be3 Nd5 12. Nf3 Nxe3 13. fxe3 {0-1 (47) Mikrut,D (2359)-Jakubiec,A (2521) Krakow 2012}) 7... e4 8. Ne5 (8. Nd4 $1 $11) 8... Be6 9. Nb3 Qxd1+ (9... Bd6 $5 10. Nd4 Bd5 $11) 10. Kxd1 Bd6 11. Nd4 Bxe5 (11... Bd5 $5 12. Bf4 Bxe5 13. Bxe5 Ng4 14. Bxg7 Rg8 15. Nxf5 Be6 $15) 12. Nxe6 Kf7 13. Ng5+ Ke7 14. Kc2 Nbd7 15. f3 h6 16. Nh3 exf3 17. exf3 Kf7 18. Bd2 (18. Re1 {keeps more tension.} Bc7 19. Bf1 g5 20. Bd2) 18... Rhe8 19. Rhe1 Rad8 20. Nf2 Bd6 21. Rad1 Ne5 22. b3 Bc5 23. Be3 Bxe3 24. Rxd8 Rxd8 25. Rxe3 Re8 26. c4 Ned7 27. Rxe8 Nxe8 $11 {[%emt 0:00:21][%mdl 4096] Endgame KBN-KNN} 28. Nd3 Kf6 29. Kc3 Nc7 30. f4 Ke6 31. b4 Kd6 32. a4 b6 33. Bh3 g6 34. g4 fxg4 35. Bxg4 Nf6 36. Bf3 Ne6 {[%emt 0:02:40] Inhibits c5+.} 37. Ne5 Nxf4 (37... c5 $1 $11 {remains equal.}) 38. Nxc6 $16 a6 39. Nb8 (39. a5 $14 bxa5 40. Nxa5) 39... g5 $2 {[%emt 0:00:56] Loses the game.} (39... a5 $11) 40. Nxa6 $18 {[%emt 0:00:29] aiming for c5+.} g4 41. Bh1 {[%emt 0:06:47] Black must now prevent a5.} h5 (41... Ne2+ $142 42. Kd2 Nd4 43. c5+ bxc5) 42. a5 bxa5 43. c5+ Kd7 $2 (43... Ke5 $16) 44. b5 $1 Kc8 $2 (44... N6d5+ 45. Kd4 Nc7 46. Nxc7 Kxc7 47. b6+ Kc8) 45. b6 {[%emt 0:01:45] White threatens b7+ and mate.} N4d5+ 46. Kd4 h4 47. Bxd5 Nxd5 48. Kxd5 {[%emt 0:00:06] Threatening mate with c6. KN-K3P} Kb7 {[%emt 0:00:01] [#]} 49. c6+ $1 ({Inferior is} 49. Nc7 g3 50. hxg3 hxg3 51. c6+ Kxb6 52. Na8+ Ka7 $11) 49... Kxb6 {[%emt 0:01:06] [#]} 50. c7 $1 Kb7 {[%emt 0:00:07] [#]} 51. Kd6 $1 {[%emt 0:00:06] Intending Nc5+ and mate.} Kc8 (51... g3 52. Kd7) 52. Nc5 (52. Nb8 $142 g3 53. Nc6 g2 54. Ne7+ Kb7 55. c8=Q+ Kb6 56. Nd5+ Ka7 57. Qc7+ Ka8 58. Nb6#) 52... g3 53. hxg3 hxg3 {[%emt 0:00:26] KN-KPP} 54. Nd7 {[%emt 0:00:09] White mates.} Kb7 55. Nb6 Kxb6 56. c8=Q Kb5 57. Qc3 g2 58. Qb3+ Ka6 59. Kc6 g1=Q 60. Qb7# {[%emt 0:00:04] Weighted Error Value: White=0.07 (flawless) /Black=0.56} 1-0

[Event "Asian Amateur-ch Open 2022"]
[Site "Muscat"]
[Date "2022.10.02"]
[Round "4.8"]
[White "Maasarani, Mahmoud"]
[Black "Said Ahmed Ali Jidal Fadhil"]
[Result "1-0"]
[ECO "A07"]
[WhiteElo "1991"]
[BlackElo "1755"]
[Annotator "TA"]
[PlyCount "137"]
[EventDate "2022.09.29"]
[EventType "swiss"]
[SourceTitle "playchess.com"]
[Source "ChessBase"]
[SourceQuality "1"]
[TimeControl "5400+30"]

1. Nf3 Nf6 2. g3 d5 3. Bg2 g6 4. O-O Bg7 5. d3 O-O 6. Nbd2 Re8 {[%emt 0:03:57] 6...Nc6 is the modern continuation.} 7. c3 {[%emt 0:03:03] A07: Réti Opening: New York and Capablanca Systems.} e5 8. e4 c6 9. Qc2 {[%emt 0:02:59] The position is equal.} Qc7 10. Re1 Nbd7 {[%emt 0:06:32] [#]} 11. d4 $146 ({Predecessor:} 11. Nf1 dxe4 12. dxe4 Nf8 13. Ne3 Be6 14. b3 a5 15. Ba3 a4 16. Ng5 Qb6 17. Nxe6 Nxe6 {0-1 (42) Stankovic,I (2255)-Petesch,G (2330) Chess.com INT 2022}) 11... dxe4 (11... exd4 $15 12. cxd4 dxe4 13. Nxe4 Nxe4 14. Rxe4 Rxe4 15. Qxe4 Nf6) 12. Nxe5 Nxe5 13. dxe5 Ng4 14. Nxe4 {[%emt 0:05:21] next f4 is good for White.} Nxe5 15. Bf4 Bf5 16. h3 f6 17. Rad1 Bxe4 18. Rxe4 Qf7 19. Rb4 ({Better is} 19. b4 $14) 19... Bf8 $11 20. Ra4 a6 21. Qb3 Qxb3 22. axb3 Rad8 23. Rad4 Be7 24. Bxe5 fxe5 25. Rd7 Bf6 26. Bf3 Rxd7 27. Rxd7 {[%emt 0:00:02][%mdl 4096] Endgame KRB-KRB} Re7 28. Rd8+ Kf7 29. Be4 Bg5 30. Rd1 {[%emt 0:01:53] Inhibits Bc1.} Rc7 31. h4 Bf6 32. h5 gxh5 33. Bxh7 Ke6 34. Bg6 h4 35. g4 Be7 36. Bf5+ Kf6 37. Kg2 Kg5 38. Kf3 a5 39. Ke4 h3 (39... Bf6 $11 {remains equal.}) 40. Rh1 $16 Kh4 41. g5 (41. Kxe5 $5 Bd8 42. g5 Re7+ 43. Be6 $16) 41... Kxg5 42. Rxh3 Bc5 43. Rg3+ Kf6 $1 44. Rg6+ Kf7 45. f3 b5 46. Rh6 {[%emt 0:00:51] [#] Hoping for Rh7+.} Kg8 {[%emt 0:00:54] Against Rh7. White leaves nothing to chance now.} (46... Bf8 $14 47. Re6 Bg7) 47. Kxe5 {[%emt 0:01:31] White is more active.} b4 48. Be6+ Kg7 49. Rh2 {[%emt 0:02:15] And now f4 would win.} Be7 50. Rg2+ Kh6 (50... Kh8 $142 51. f4 bxc3 52. bxc3 Rb7 53. Rg8+ Kh7) 51. f4 {[%emt 0:00:17][%cal Bf3f4,Bf4f5,Bf5f6][%mdl 32] Strongly threatening f5.} bxc3 52. bxc3 {[%emt 0:00:02] Threatens to win with f5.} Rb7 53. Bc4 {[%emt 0:00:58] Against Rb5+. Black must now prevent f5.} Bf8 $2 (53... Bd8 54. Kf5 c5 55. Rg6+ Kh7 56. Bg8+ Kh8) 54. Rh2+ $18 Kg7 55. f5 Re7+ 56. Be6 Rb7 57. f6+ Kg6 58. Rg2+ Kh6 59. Bc4 {[%emt 0:00:33] Prevents Rb5+. White threatens Kf5 and mate.} Rd7 60. Kf5 {[%emt 0:00:10][%cal Rg2h2] White mates.} Kh7 61. Rh2+ Bh6 62. Ke6 Rd1 63. Kf7 Rd7+ 64. Ke8 Rd1 65. f7 Re1+ 66. Kd7 Rd1+ 67. Ke7 Re1+ 68. Be6 Kg6 {[%emt 0:00:46] [#]} 69. Rxh6+ $1 {[%emt 0:08:20][%mdl 512] Weighted Error Value: White=0.09 (flawless) /Black=0.33} 1-0

[Event "Asian Amateur-ch Open 2022"]
[Site "Muscat"]
[Date "2022.10.02"]
[Round "4.9"]
[White "UMER S.M"]
[Black "Shahali, Milad"]
[Result "1/2-1/2"]
[ECO "D02"]
[WhiteElo "1631"]
[BlackElo "1910"]
[Annotator "TA"]
[PlyCount "48"]
[EventDate "2022.09.29"]
[EventType "swiss"]
[SourceTitle "playchess.com"]
[Source "ChessBase"]
[SourceQuality "1"]
[TimeControl "5400+30"]

1. d4 Nf6 2. Nf3 e6 3. Bf4 d5 4. e3 Bd6 5. Nbd2 O-O 6. Bg3 b6 7. c3 {[%emt 0:02:13] D02: 1 d4 d5 2 Nf3 sidelines, including 2...Nf6 3 g3 and 2...Nf6 3 Bf4.} c5 8. Ne5 Qc7 9. f4 $1 {[%emt 0:01:11][%mdl 4] outshines the older 9.Bd3.} Ne4 10. Nxe4 dxe4 11. a3 {[%emt 0:10:14] [#]} Nd7 $146 ({Predecessor:} 11... Ba6 12. Bxa6 Nxa6 13. O-O f5 14. Qb3 Rfe8 15. d5 Rac8 16. dxe6 c4 17. Qb5 Nb8 {1-0 (41) Legahn,D (2132)-Spitzl,P (2013) Bamberg 2019}) 12. Be2 f6 (12... Nf6 $11) 13. Nc4 $14 Bb7 (13... f5 $14) 14. Nxd6 $16 Qxd6 15. f5 Qd5 16. c4 Qc6 17. fxe6 Qxe6 18. d5 Qe7 19. O-O f5 20. h4 g6 21. Qe1 Qf6 22. Qd1 Qe7 23. Be1 Ne5 24. g3 (24. b4 $14) 24... g5 {[%emt 0:00:30] Weighted Error Value: White=0.14 (very precise) /Black=0.14 (very precise)} 1/2-1/2

[Event "Asian Amateur-ch Open 2022"]
[Site "Muscat"]
[Date "2022.10.02"]
[Round "4.10"]
[White "Al Ansi Amin"]
[Black "Muhammed, Zahid"]
[Result "0-1"]
[ECO "B07"]
[WhiteElo "1806"]
[BlackElo "1677"]
[Annotator "NA RC COMBH"]
[PlyCount "120"]
[EventDate "2022.09.29"]
[EventType "swiss"]
[SourceTitle "playchess.com"]
[Source "ChessBase"]
[SourceQuality "1"]
[TimeControl "5400+30"]

1. e4 d6 2. d4 Nf6 3. Bd3 g6 4. Ne2 Bg7 5. h3 e5 6. d5 Nbd7 7. c4 Nc5 8. Nbc3 a5 9. Bc2 O-O 10. Be3 b6 11. Qd2 Ba6 12. b3 Rb8 13. a4 Bc8 14. Bh6 Ne8 15. Bxg7 Nxg7 16. O-O-O f5 17. f3 f4 18. h4 Nh5 19. Kb2 Bd7 20. Rdg1 Qf6 21. Bd1 Kh8 22. Ka3 Rf7 23. g3 fxg3 24. Nxg3 Qf4 25. Qxf4 Nxf4 26. Nf1 Ncd3 27. Rh2 Rg8 28. Ne3 h5 29. Ne2 Nxe2 30. Bxe2 Nf4 31. Bd1 Kh7 32. Kb2 Rgf8 33. Rg3 Nd3+ 34. Kc3 Nf4 35. Ng2 Be8 36. Nxf4 Rxf4 37. Kd3 Kh6 38. Ke3 Rg8 39. Rg5 Rxh4 40. Rxg6+ Rxg6 41. Rxh4 Kg5 42. Rh1 h4 43. Rg1+ Kf6 44. Rxg6+ Kxg6 45. f4 exf4+ 46. Kxf4 Bd7 47. e5 dxe5+ 48. Kxe5 Bf5 49. Kd4 Kg5 50. Bf3 Kf4 51. Bh1 Bc2 52. b4 axb4 53. a5 bxa5 54. c5 a4 55. d6 cxd6 56. cxd6 Bf5 57. Bc6 a3 58. Bd5 h3 59. Kc5 h2 60. Kxb4 a2 0-1

[Event "Asian Amateur-ch Open 2022"]
[Site "Muscat"]
[Date "2022.10.02"]
[Round "4.11"]
[White "Musallam Salim Al Aamri"]
[Black "Sharma Pankaj"]
[Result "0-1"]
[ECO "B28"]
[WhiteElo "1680"]
[BlackElo "1764"]
[Annotator "NA RC COMBH"]
[PlyCount "125"]
[EventDate "2022.09.29"]
[EventType "swiss"]
[SourceTitle "playchess.com"]
[Source "ChessBase"]
[SourceQuality "1"]
[TimeControl "5400+30"]

1. d4 e6 2. e4 d5 3. e5 c5 4. c3 Bd7 5. Nf3 a6 6. Be2 cxd4 7. cxd4 Bb5 8. O-O Bxe2 9. Qxe2 Ne7 10. Bg5 h6 11. Bxe7 Bxe7 12. Nc3 Nc6 13. Rac1 O-O 14. Rfd1 Rc8 15. a3 Na5 16. g3 Nc4 17. Ne1 Qb6 18. Rb1 Qa5 19. Na2 b5 20. Nc2 Qb6 21. Ne3 Rc7 22. Qd3 Rfc8 23. Nc3 Nxe3 24. Qxe3 Bxa3 25. Nxd5 exd5 26. Qxa3 Rc4 27. Qe3 a5 28. f4 Qg6 29. Qf2 Rc2 30. Qf3 Qf5 31. g4 Qg6 32. h4 h5 33. f5 Qxg4+ 34. Qxg4 hxg4 35. Re1 Rd2 36. e6 fxe6 37. fxe6 Rxd4 38. Re5 Kf8 39. Rf1+ Ke8 40. Kg2 Ke7 41. Rf7+ Kd6 42. Rg5 Kxe6 43. Rfxg7 Rc2+ 44. Kg3 Rd3+ 45. Kxg4 Rg2+ 46. Kh5 Rxg5+ 47. hxg5 Rh3+ 48. Kg6 Rh2 49. Ra7 a4 50. Ra6+ Ke7 51. Kf5 d4 52. Ke4 d3 53. Kxd3 Rxb2 54. Kd4 Rb3 55. g6 Kf8 56. Ra7 a3 57. Ke5 Rf3 58. Ke4 Rb3 59. Ke5 b4 60. Kf6 Rf3+ 61. Ke5 Rf2 62. Ra4 a2 63. Kd4 0-1

[Event "Asian Amateur-ch Open 2022"]
[Site "Muscat"]
[Date "2022.10.02"]
[Round "4.12"]
[White "Abdivaliev, Daniial"]
[Black "Gabdushev, Arman"]
[Result "0-1"]
[ECO "B16"]
[WhiteElo "1528"]
[BlackElo "1827"]
[Annotator "NA RC COMBH"]
[PlyCount "144"]
[EventDate "2022.09.29"]
[EventType "swiss"]
[SourceTitle "playchess.com"]
[Source "ChessBase"]
[SourceQuality "1"]
[TimeControl "5400+30"]

1. e4 c6 2. d4 d5 3. Nc3 dxe4 4. Nxe4 Nf6 5. Nxf6+ gxf6 6. Bf4 Bf5 7. Nf3 e6 8. Qd2 Bd6 9. Bh6 Nd7 10. O-O-O Qc7 11. g3 O-O-O 12. Nh4 Bg4 13. f3 Bh5 14. Be2 Rhg8 15. Be3 f5 16. Ng2 Kb8 17. Nf4 Bg6 18. Nd3 c5 19. f4 cxd4 20. Bxd4 f6 21. Ne1 Bc5 22. Qc3 e5 23. Bxc5 Nxc5 24. Nf3 exf4 25. Nd4 Rge8 26. Nb5 Qb6 27. Rxd8+ Rxd8 28. gxf4 a6 29. Na3 Ne4 30. Qf3 Qa5 31. Bd3 b5 32. Qe3 Kb7 33. Rg1 Qb6 34. Re1 Qxe3+ 35. Rxe3 Nc5 36. Be2 Rd4 37. c4 bxc4 38. Nxc4 Rxf4 39. Re7+ Kc6 40. b4 Ne4 41. Re6+ Kd5 42. Rxa6 Rf2 43. Nb6+ Kd4 44. Bd1 Rf1 45. Ra8 Nc3 46. Rd8+ Ke4 47. a4 Na2+ 48. Kb2 Nxb4 49. Ka3 Nc6 50. Bc2+ Ke3 51. Nc4+ Kf2 52. Rd6 Ne5 53. Nb2 Ra1+ 54. Kb4 Ra2 55. Nd3+ Ke3 56. Nxe5 fxe5 57. Bb3 Rxh2 58. Ka3 f4 59. a5 Be4 60. Re6 Kd4 61. Kb4 f3 62. Rd6+ Ke3 63. a6 f2 64. Bc4 Rh1 65. Rf6 Rh4 66. Kc5 Rf4 67. Re6 f1=Q 68. Bxf1 Rxf1 69. Rxe5 Rf5 70. Kd6 Rxe5 71. Kxe5 h5 72. a7 h4 0-1

[Event "Asian Amateur-ch Open 2022"]
[Site "Muscat"]
[Date "2022.10.02"]
[Round "4.13"]
[White "Al Darwashi, Anas"]
[Black "Muhammad Shahzeb"]
[Result "0-1"]
[ECO "B01"]
[WhiteElo "1530"]
[BlackElo "1992"]
[Annotator "TA"]
[PlyCount "88"]
[EventDate "2022.09.29"]
[EventType "swiss"]
[SourceTitle "playchess.com"]
[Source "ChessBase"]
[SourceQuality "1"]
[TimeControl "5400+30"]

1. e4 d5 2. exd5 Nf6 3. d4 Nxd5 4. Nf3 g6 5. c4 Nb6 6. Nc3 Bg7 7. Be3 O-O 8. h3 Nc6 9. Be2 e5 10. d5 Ne7 11. O-O Nf5 12. Qb3 {[%emt 0:04:58] [#] B01: Scandinavian Defence.} (12. Bg5 $11 f6 13. Bc1) 12... Nxe3 $146 ({Predecessor:} 12... Re8 13. Rad1 Nxe3 14. fxe3 e4 15. Nd2 Bf5 16. Kh1 Qh4 17. Rf4 Qd8 18. Nb5 Be5 19. Bg4 Bxf4 20. Bxf5 gxf5 21. exf4 {0-1 (38) Kozel,J (1750)-Vnenk,L (1946) Tatranska Lesna 2006}) 13. fxe3 Nd7 14. Qc2 {[%emt 0:06:14] Black is slightly better.} a5 15. Rad1 Nc5 16. a3 a4 17. Ne1 (17. e4 $15) 17... Qg5 18. Rf3 f5 {[%emt 0:00:17] Strongly threatening ...e4.} 19. e4 Bd7 20. Bd3 {[%emt 0:04:14] [#]} Nb3 $1 21. Rf2 {[%emt 0:04:33] [#]} f4 (21... Nd4 $1 $17 22. Nf3 Qe3) 22. Nf3 Qh5 (22... Qf6 $17) 23. Be2 b6 (23... Nc5 $1 $15 {keeps the upper hand.}) 24. Nh2 {[%emt 0:00:37] Pair of Knights!} ({Better is} 24. Nb5 $16) 24... Qh4 25. Qd3 h5 {[%emt 0:00:32] Black is much more active. The white rooks are badly placed.} 26. d6 Nc5 27. Qd5+ Be6 28. Qc6 cxd6 29. Qxb6 $2 {[%emt 0:03:15] Now White is beyond hope.} (29. Nf3 $15 Qf6 30. Rxd6) 29... Ra6 $19 30. Qb4 Qd8 ({Stronger than} 30... Qg3 31. Rxd6 Rxd6 32. Qxc5 $17) 31. Bf3 Qb8 32. Nd5 (32. Rfd2 {was worth a try.}) 32... Bxd5 33. Qxb8 Rxb8 34. cxd5 Rab6 35. Rdd2 Nb3 (35... Bf6 $19 {and Black stays clearly on top. White must now prevent ...Bh4.} 36. Rc2 Bh4) 36. Rc2 $17 Nd4 37. Rc4 (37. Rcd2 $17) 37... Rxb2 $19 38. Rxb2 Rxb2 39. Rxa4 Bf6 40. Nf1 Bh4 {[%emt 0:00:13] Hoping for ...Bf2+.} 41. Ra6 $2 (41. Rb4 $19 Ra2 42. Rb1) 41... Bf2+ 42. Kh2 Rb1 43. g3 Nxf3+ 44. Kg2 Bc5 {[%emt 1:33:30] Weighted Error Value: White=0.60/Black=0.19 (very precise)} 0-1